 Dungeon Crawl Stone Soup version 0.17-a0-1778-gd369669 (webtiles) character file.

190 ololoev the Poker (level 5, 0/41 HPs)
             Began as a Draconian Skald on Sept 8, 2015.
             Killed by nerve-wracking pain
             ... invoked by an orc priest
              (1 damage)
             ... on level 3 of the Dungeon.
             The game lasted 00:05:06 (3035 turns).

ololoev the Poker (Draconian Skald)                 Turns: 3035, Time: 00:05:06

Health: 0/41       AC:  6    Str: 15    XL:     5   Next: 41%
Magic:  2/8        EV: 16    Int: 12    God:
Gold:   140        SH:  0    Dex: 11    Spells: 3 memorised, 2 levels left

rFire  . . .     SeeInvis .     a - +0 spear
rCold  + . .     Clarity  .     (armour unavailable)
rNeg   . . .     SustAt   .     (no shield)
rPois  .         Gourm    .     (helmet restricted)
rElec  .         Spirit   .     k - +0 cloak
rCorr  .         Warding  .     (no gloves)
rMut   .         Stasis   .     (no boots)
MR     .....                    (no amulet)
Stlth  +.........               l - ring of protection from cold
                                f - +4 ring of evasion

@: infused, slowed, very slow, not resistant to hostile enchantments, very
unstealthy
A: unfitting armour, cold-blooded, AC +5
a: no special abilities


Innate Abilities, Weirdness & Mutations

Your plain brown scales are hard (AC +5).
Your body does not fit into most forms of armour.
You are cold-blooded and may be slowed by cold attacks.

Inventory:

Hand weapons
 a - a +0 spear (weapon)
Armour
 k - a +0 cloak (worn)
Jewellery
 f - a +4 ring of evasion (left hand)
 j - an uncursed ring of wizardry
 l - a ring of protection from cold (right hand)
Magical devices
 n - a wand of enslavement (2)
Scrolls
 d - a scroll of teleportation {unknown}
 e - 3 scrolls of identify {unknown}
 g - 2 scrolls of magic mapping {unknown}
 h - a scroll of remove curse {unknown}
 i - a scroll of enchant armour {unknown}
 o - a scroll of noise {unknown}
Potions
 m - a potion of degeneration {unknown}
 p - 2 potions of cure mutation {unknown}
 s - a potion of curing {unknown}
Books
 b - a book of Battle

   Spells                             Type                      Level
   a - Infusion                       Charms                       1
   b - Shroud of Golubria             Charms/Translocation         2
   c - Song of Slaying                Charms                       2
   d - Spectral Weapon                Hexes/Charms                 3
   e - Regeneration                   Charms/Necromancy            3
Comestibles
 c - 2 bread rations
 q - 2 meat rations


   Skills:
 - Level 2.1 Fighting
 + Level 5.7 Polearms
 - Level 1.3 Dodging
 - Level 2.0 Spellcasting
 - Level 2.6 Charms


You had 2 spell levels left.
You knew the following spells:

 Your Spells              Type           Power        Failure   Level  Hunger
a - Infusion              Chrm           #.....       12%         1    ##.....
b - Song of Slaying       Chrm           #.......     14%         2    ###....
c - Regeneration          Chrm/Necr      #.........   56%         3    ####...


You were on level 3 of the Dungeon.
You were not hungry.

You visited 1 branch of the dungeon, and saw 3 of its levels.

You collected 140 gold pieces.

#.# #.#.#.(.# #######.#
#.#.###.#### #.....#.#
#.#.#...#...
#######.##.#.###.#.#.#.#.##
.........#.#.#.....#.#.#.#.
#######o.#<#.#.......#.#.#.
#.....#..#.#.###.#####.#.#.
#o####..#..#.#...#...........
#......)#..#@#.#.#######.#.##
##########)#..#o###....#
#.#...
#......###+#..#....###.#
#.###.
##.####'##........#####.# #.#
#. #.......................#
#.# #.
#.................####### #.#
#. #.................# #.# #.
#.........#.##.#### #.# #.
##.####.###.##.# #.# #.

Notes
Turn   | Place    | Note
--------------------------------------------------------------
     0 | D:1      | ololoev the Draconian Skald began the quest for the Orb.
     0 | D:1      | Reached XP level 1. HP: 17/17 MP: 3/3
   189 | D:1      | Reached XP level 2. HP: 24/24 MP: 5/5
   193 | D:1      | Learned a level 2 spell: Song of Slaying
   273 | D:1      | Reached skill level 3 in Polearms
   965 | D:2      | Reached XP level 3. HP: 19/29 MP: 6/6
  1381 | D:2      | Noticed Jessica
  1397 | D:2      | Killed Jessica
  1397 | D:2      | Reached skill level 4 in Polearms
  1397 | D:2      | Reached XP level 4. HP: 17/36 MP: 2/7
  1694 | D:2      | Found a faded altar to an unknown god.
  2373 | D:2      | Learned a level 3 spell: Regeneration
  2463 | D:3      | Reached skill level 5 in Polearms
  2850 | D:3      | Reached XP level 5. HP: 21/41 MP: 1/8
  3034 | D:3      | HP: 1/41 [orc priest/nerve-wracking pain (5)]
  3035 | D:3      | Killed from afar by an orc priest

Dungeon Overview and Level Annotations

Branches:
Dungeon (3/15)

Altars:


Message History

Things that are here:
a dagger; a robe
Casting: Infusion
Confirm with . or Enter, or press ? or * to list all spells.
You begin infusing your attacks with magical energy.
The orc priest invokes the aid of Beogh against you.
Something smites you!
You hit the orc priest.
The orc priest is lightly wounded.
The orc priest barely misses you.
You hit the orc priest.
Your tail-slap misses the orc priest.
The orc priest is moderately wounded.
The orc priest hits you.
You hit the orc priest.
Your tail-slap misses the orc priest.
The orc priest is moderately wounded.
The orc priest invokes the aid of Beogh against you.
Pain shoots through your body!
You hit the orc priest.
The orc priest is severely wounded.
The orc priest barely misses you. x2
You closely miss the orc priest. You tail-slap the orc priest.
The orc priest is almost dead.
The orc priest mumbles some strange prayers to Beogh against you.
Pain shoots through your body!
You barely miss the orc priest.
The orc priest is almost dead.
The orc priest closely misses you.
You barely miss the orc priest.
The orc priest is almost dead.
The orc priest mumbles some strange prayers to Beogh against you.
Pain shoots through your body!
You barely miss the orc priest.
The orc priest is almost dead.
The orc priest calls down the wrath of Beogh upon you.
Pain shoots through your body!
You hit the orc priest.
The orc priest is almost dead.
The orc priest invokes the aid of Beogh against you.
Pain shoots through your body!
You die...

You could see an orc priest.

Vanquished Creatures
  An orc priest (D:3)
  An orc wizard (D:3)
  Jessica (D:2)
  5 adders
  2 worms (D:2)
  3 giant geckos
  2 orcs (D:3)
  4 bats (D:1)
  5 hobgoblins
  7 jackals (D:1)
  2 ball pythons
  4 giant cockroaches
  4 giant newts
  3 goblins
  9 kobolds
  5 rats
58 creatures vanquished.

Action                   |  1- 3 |  4- 6 || total
-------------------------+-------+-------++-------
Melee: Spear             |   134 |   130 ||   264
 Cast: Infusion          |     3 |     8 ||    11
       Song of Slaying   |     1 |     1 ||     2
 Stab: Sleeping          |     1 |     6 ||     7
  Eat: Chunk             |     2 |     5 ||     7

Vault maps used:
D:1:      lightli_arrival_noodles, interstate_on_off
D:2:      ecumenical_altar_1, first_bread, uniq_jessica
